 Dungeon Crawl Stone Soup version 0.25-a0-930-g9f5dfa9815 (webtiles) character file.

Game seed: 406239249843167874, levelgen mode: deterministic

488637 gruber the Slayer (level 26, -5/226 HPs)
             Began as a Formicid Fighter on May 3, 2020.
             Was the Champion of Okawaru.
             Killed from afar by an ancient champion (50 damage)
             ... with an iron shot
             ... on level 3 of the Crypt.
             The game lasted 02:00:08 (62446 turns).

gruber the Slayer (Formicid Fighter)               Turns: 62446, Time: 02:00:09

Health: -5/226     AC: 37    Str: 42    XL:     26   Next: 26%
Magic:  0/38       EV: 19    Int: 17    God:    Okawaru [******]
Gold:   2742       SH: 31    Dex: 17    Spells: 33/47 levels left

rFire    + + .     SeeInvis +   m - +8 battleaxe "Grim Tooth" {vamp, rF+ Int+4}
rCold    + . .     Gourm    .   X - +3 tower shield of Okawaru's Whim {Dex+4}
rNeg     + + .     Faith    .   F - +10 plate armour of the Bagpipe {rElec rN+ Stlth+}
rPois    +         Spirit   +   (helmet unavailable)
rElec    +         Reflect  .   K - scarf {rC+ rF+}
rCorr    .         Harm     .   N - +2 pair of gloves of Ohuben {Str+4}
MR       +++..                  y - +0 pair of boots of Wrong Decisions {+Inv rN+ MR+ Dex+3}
Stlth    ..........             M - amulet "Ucaloy" {Spirit +Fly Str+4 Stlth-}
HPRegen  0.47/turn              l - ring of poison resistance
MPRegen  0.26/turn              Z - +6 ring of strength

@: heroism
A: permanent stasis, dig shafts and tunnels, four strong arms, antennae 3
}: 2/15 runes: decaying, serpentine
a: Dig, Shaft Self, Heroism, Finesse, Renounce Religion, Evoke Invisibility,
Evoke Flight


You were on level 3 of the Crypt.
You worshipped Okawaru.
Okawaru was exalted by your worship.
You were very hungry.

You visited 9 branches of the dungeon, and saw 44 of its levels.
You visited 2 bazaars.
You also visited: Ice Cave and Volcano.

You collected 4374 gold pieces.
You spent 1632 gold pieces at shops.

Inventory:

Hand Weapons
 c - a +2 great mace of flaming
 m - the +8 battleaxe "Grim Tooth" (weapon) {vamp, rF+ Int+4}
   (You acquired it on level 2 of the Crypt)

   It inflicts no extra harm, but heals its wielder when it wounds a living foe.
   It affects your intelligence (+4).
   It protects you from fire.
 z - the +8 whip of Yzoutovo {vamp, rC+}
   (You found it on level 4 of the Dungeon)

   It inflicts no extra harm, but heals its wielder when it wounds a living foe.
   It protects you from cold.
Missiles
 n - 33 atropa-tipped darts
 s - 13 javelins (quivered)
 W - 27 silver javelins
 Y - 12 datura-tipped darts
Armour
 y - the +0 pair of boots of Wrong Decisions (worn) {+Inv rN+ MR+ Dex+3}
   (Okawaru gifted it to you on level 13 of the Dungeon)

   It affects your dexterity (+3).
   It protects you from negative energy.
   It affects your resistance to hostile enchantments.
   It lets you turn invisible.
 F - the +10 plate armour of the Bagpipe (worn) {rElec rN+ Stlth+}
   (Okawaru gifted it to you on level 4 of the Lair of Beasts)

   It insulates you from electricity.
   It protects you from negative energy.
   It makes you more stealthy.
 K - a scarf of resistance (worn)
 N - the +2 pair of gloves of Ohuben (worn) {Str+4}
   (You found it in an ice cave)

   It affects your strength (+4).
 X - the +3 tower shield of Okawaru's Whim (worn) {Dex+4}
   (Okawaru gifted it to you on level 5 of the Depths)

   It affects your dexterity (+4).
Jewellery
 l - a ring of poison resistance (left hand)
 u - an uncursed ring of wizardry
 M - the amulet "Ucaloy" (around neck) {Spirit +Fly Str+4 Stlth-}
   (You bought it in a shop in a bazaar)

   [amulet of guardian spirit]

   It causes incoming damage to be split between your health and magic.
   It affects your strength (+4).
   It lets you fly.
   It makes you less stealthy.
 P - an uncursed ring of flight
 Z - a +6 ring of strength (right hand)
Wands
 a - a wand of acid (36)
 b - a wand of flame (26)
 p - a wand of clouds (14)
 q - a wand of iceblast (36)
 A - a wand of scattershot (8)
 C - a wand of disintegration (45)
 I - a wand of polymorph (17)
 J - a wand of paralysis (29)
 S - a wand of digging (18)
Scrolls
 e - 20 scrolls of remove curse
 g - 13 scrolls of amnesia
 j - 3 scrolls of fear
 k - 3 scrolls of immolation
 t - 3 scrolls of holy word
 v - 2 scrolls of enchant weapon
 x - 9 scrolls of magic mapping
 E - 5 scrolls of fog
 Q - 4 scrolls of identify
 T - 3 scrolls of vulnerability
 V - 2 scrolls of summoning
Potions
 d - 9 potions of might
 h - 12 potions of curing
 i - 3 potions of resistance
 o - 6 potions of stabbing
 r - 6 potions of flight
 w - 6 potions of heal wounds
 B - 4 potions of mutation
 D - 3 potions of magic
 L - 4 potions of brilliance
 O - a potion of invisibility
 R - 2 potions of cancellation
 U - a potion of lignification
Miscellaneous
 G - 2 tins of tremorstones
Comestibles
 f - 42 rations


   Skills:
 - Level 22.3(27) Fighting
 * Level 11.2(20.6) Axes
 - Level 17.6(23.6) Maces & Flails
 - Level 5.1(10.1) Throwing
 - Level 20.0(25.0) Armour
 - Level 9.0(14.0) Dodging
 - Level 16.4(21.4) Shields
 - Level 11.2 Spellcasting
 - Level 10.2 Hexes
 - Level 9.1 Necromancy
 - Level 11.5 Earth Magic
 - Level 8.0 Invocations
 - Level 10.2 Evocations


You had 33 spell levels left.
You knew the following spells:

 Your Spells              Type           Power        Failure   Level  Hunger
a - Animate Dead          Necr           N/A          4%          4    ##.....
b - Borgnjor's Vile Clut  Necr/Erth      #####.....   7%          5    #####..
c - Silence               Hex/Air        ####......   52%         5    #####..

Your spell library contained the following spells:

 Spells                   Type           Power        Failure   Level  Hunger
 Pain                     Necr           ####         1%          1    None
 Sandblast                Erth           #####.       1%          1    None
 Sublimation of Blood     Necr           #####.....   1%          2    None
 Confusing Touch          Hex            #####...     1%          3    None
 Tukima's Dance           Hex            #####...     1%          3    None
 Passwall                 Tmut/Erth      ####....     2%          2    None
 Corpse Rot               Necr/Air       N/A          4%          2    None
 Stone Arrow              Conj/Erth      ####..       4%          3    None
 Dispel Undead            Necr           #####...     4%          4    ##.....
 Dazzling Flash           Conj/Hex       ####..       6%          3    None
 Inner Flame              Hex/Fire       ####....     6%          3    None
 Summon Guardian Golem    Hex/Summ       ####....     6%          3    None
 Agony                    Necr           #####...     11%         5    #####..
 Petrify                  Tmut/Erth      ####....     16%         4    ##.....
 Apportation              Tloc           #.....       17%         1    None
 Beastly Appendage        Tmut           #.....       17%         1    None
 Foxfire                  Conj/Fire      #...         17%         1    None
 Magic Dart               Conj           #...         17%         1    None
 Shock                    Conj/Air       #...         17%         1    None
 Summon Butterflies       Summ           #.......     17%         1    None
 Summon Small Mammal      Summ           #...         17%         1    None
 Fulminant Prism          Conj/Hex       ####......   22%         4    ##.....
 Call Imp                 Summ           #.......     26%         2    None
 Searing Ray              Conj           #.....       26%         2    None
 Shroud of Golubria       Chrm/Tloc      #.....       26%         2    None
 Song of Slaying          Chrm           #.......     26%         2    None
 Sticks to Snakes         Tmut           #.......     26%         2    None
 Swiftness                Chrm/Air       #.......     26%         2    None
 Invisibility             Hex            #####...     36%         6    ######.
 Call Canine Familiar     Summ           #.......     45%         3    None
 Conjure Flame            Conj/Fire      #.......     45%         3    None
 Gell's Gravitas          Tloc           #.........   45%         3    None
 Ignite Poison            Fire/Tmut/Pois #.......     45%         3    None
 Lesser Beckoning         Tloc           #.........   45%         3    None
 Spider Form              Tmut/Pois      #.........   45%         3    None
 Static Discharge         Conj/Air       #.......     45%         3    None
 Teleport Other           Tloc           #.......     45%         3    None
 Metabolic Englaciation   Hex/Ice        ####......   52%         5    #####..
 Yara's Violent Unravell  Hex/Tmut       ####......   52%         5    #####..
 Excruciating Wounds      Chrm/Necr      ####......   58%         5    #####..
 Bolt of Magma            Conj/Fire/Erth ###.......   69%         5    #####..
 Airstrike                Air            #.........   86%         4    ##.....
 Ice Form                 Ice/Tmut       #.......     86%         4    ##.....
 Iskenderun's Mystic Bla  Conj/Tloc      #.......     86%         4    ##.....
 Passage of Golubria      Tloc           N/A          86%         4    ##.....
 Sticky Flame             Conj/Fire      #.......     86%         4    ##.....
 Summon Ice Beast         Ice/Summ       #.......     86%         4    ##.....
 Summon Lightning Spire   Summ/Air       #.......     86%         4    ##.....
 Iron Shot                Conj/Erth      ####......   94%         6    ######.
 Statue Form              Tmut/Erth      ####.....    94%         6    ######.
 Alistair's Intoxication  Tmut/Pois      #.......     99%         5    #####..
 Blade Hands              Tmut           #.........   99%         5    #####..
 Fireball                 Conj/Fire      #.........   99%         5    #####..
 Irradiate                Conj/Tmut      #.........   99%         5    #####..
 Iskenderun's Battlesphe  Conj/Chrm      #.......     99%         5    #####..
 Lightning Bolt           Conj/Air       #.........   99%         5    #####..
 Summon Forest            Summ/Tloc      #.........   99%         5    #####..
 Conjure Ball Lightning   Conj/Air       #.........   100%        6    ######.
 Eringya's Noxious Bog    Tmut/Pois      #.........   100%        6    ######.
 Hydra Form               Tmut           #.........   100%        6    ######.
 Starburst                Conj/Fire      #.........   100%        6    ######.
 Orb of Destruction       Conj           #.........   100%        7    #######
 Ring of Flames           Chrm/Fire      #.........   100%        7    #######
 Spellforged Servitor     Conj/Summ      #.........   100%        7    #######
 Summon Hydra             Summ           #.........   100%        7    #######
 Ignition                 Fire           #.........   100%        8    #######
 Shatter                  Erth           #####.....   100%        9    #######
 Tornado                  Air            #.........   100%        9    #######
 Blink                    Tloc           Unusable     N/A         2    N/A

Dungeon Overview and Level Annotations

Branches:
Dungeon (15/15)            Temple (1/1) D:7            Lair (6/6) D:10
  Swamp (4/4) Lair:4        Snake (4/4) Lair:2        Slime (0/5) Lair:6
    Orc (2/2) D:12            Elf (0/3) Orc:2        Vaults (4/5) D:14
  Crypt (3/3) Vaults:3       Tomb (0/3) Crypt:3      Depths (5/5) D:15
    Zot (0/5) Depths:5      IceCv (visited)         Volcano (visited)

Altars:
Ashenzari
Cheibriados
Dithmenos
Elyvilon
Fedhas
Gozag
Hepliaklqana
Kikubaaqudgha
Makhleb
Nemelex Xobeh
Okawaru
Qazlal
Ru
Sif Muna
Trog
Uskayaw
Vehumet
Wu Jian
Xom
Yredelemnul
Zin
The Shining One
Beogh
Jiyva

Shops:
D:4 %   D:7 *}   D:9 (   Orc:2 ([![   Vaults:1 *   Vaults:4 =   Depths:1 (=?
Depths:5 !}

Portals:
Hell: Depths:1 Depths:2 Depths:3 Depths:4 Depths:5
Abyss: Depths:1 Depths:2 Depths:3 Depths:4
Pandemonium: Depths:2 Depths:3
Ziggurat: Depths:5

Annotations:
D:15 1 runed translucent door, TrebMcFLY's ghost, journeyman OpFi
Snake:1 exclusion: oklob plant
Depths:3 2 transporters, Sojobo
Abyss:1 Dowan, Duvessa


Innate Abilities, Weirdness & Mutations

You cannot be hasted, slowed, berserked, paralysed or teleported.
You can dig through walls and to a lower floor.
Your four strong arms can wield two-handed weapons with a shield.
You have a pair of large antennae on your head. (SInv)


Message History

Unknown command.
Items here: )) [[ † a +0 short sword; a +0 scale mail; a +2 battleaxe of draining; a +0 chain mail a necrophage corpse Unknown command.
Unknown command.
Unknown command.
You feel much better.
You block the ancient champion's attack.
The jiangshi closely misses you. You block the jiangshi's attack.
An eight-headed hydra skeleton comes into view.
A freezing wraith comes into view.
Unknown command.
Unknown command.
You slash the ancient champion!
The ancient champion is lightly damaged.
You closely miss the jiangshi. You block the jiangshi's attack. x2
The ancient champion points at you and mumbles some strange words.
The iron shot hits you!!!
You die...

#### #.... { ##⌠⌠##
#.... ####....#### #....
.Z§..☼.'.. #....
{{W.§..'. { #.... #
#☼M○.#### #.... #.
#ZLV.#..# { #.... #..
#z)##..# { #..##
#..8#@V#8..# #..#.
#.....°)...# #..#.
#.....)°...#######..#.
......................#.
......................#.
...................)..#.
###...................#.
#......####.........).
#......# ##...........


You could see a revenant, an ancient champion, 2 jiangshi, a guardian mummy, a
freezing wraith, a spectral alligator snapping turtle and an eight-headed hydra
skeleton.

Vanquished Creatures
  2 juggernauts
  Bai Suzhen (Depths:2)
  Frederick (Crypt:1)
  Xtahua (Vaults:4)
  5 caustic shrikes
  Nikola (Snake:3)
  3 golden dragons
  A tentacled monstrosity (Vaults:3)
  A titan (Depths:2)
  6 liches
  The ghost of Juteq the Nimble, an adept GnGl of Makhleb (Vaults:2)
  Gastronok (D:8)
  7 ancient champions
  A shadow dragon (Depths:4)
  4 tengu reavers
  2 thorn hunters
  Kirke (Swamp:4)
  6 draconian monks (Depths:5)
  A sphinx (Depths:4)
  A revenant (Crypt:2)
  Roxanne (Swamp:2)
  6 nagarajas (Snake:4)
  A draconian scorcher (Depths:5)
  5 fire giants
  2 iron dragons
  A deep elf sorcerer (Vaults:3)
  Aizul (Snake:3)
  2 orc warlords
  5 frost giants
  The ghost of Bodu the Basher, a journeyman NaFi of Ashenzari (Lair:5)
  A curse skull (Crypt:3)
  A balrug (Depths:4)
  5 vault wardens
  3 spriggan defenders
  8 ghouls
  11 stone giants
  2 draconian annihilators (Depths:5)
  15 ironheart preservers
  19 very ugly things
  2 green draconians (Depths:5)
  4 vampire knights
  A deep elf annihilator (Depths:4)
  A deep elf demonologist (Vaults:4)
  3 black draconians (Depths:5)
  3 white draconians (Depths:5)
  2 purple draconians (Depths:5)
  2 red draconians (Depths:5)
  9 spark wasps
  3 deep elf death magi
  A mummy priest (Crypt:3)
  2 green deaths (Swamp:4)
  4 ettins
  5 jiangshi
  2 death oozes
  12 fire dragons
  8 great orbs of eyes
  13 yaktaur captains
  A vault guard (Vaults:2)
  12 rakshasas
  20 hydras
  13 naga warriors
  8 ice dragons
  19 ogre magi
  2 hell beasts (Swamp:4)
  12 death yaks
  A ghost crab (Swamp:4)
  2 shambling mangroves
  3 catoblepae (Lair:6)
  A catoblepas (shapeshifter) (Depths:4)
  19 anacondas
  15 centaur warriors
  50 two-headed ogres
  4 death knights
  A spriggan air mage (Depths:5)
  10 alligators
  6 vampire magi
  A deep troll earth mage (Depths:2)
  7 deep troll shamans
  5 tengu warriors
  5 spriggan berserkers
  An orc high priest (Orc:2)
  12 hell knights
  2 sun demons (Depths:4)
  9 naga sharpshooters
  11 shock serpents
  Nergalle (Lair:2)
  Urug (D:14)
  5 deep elf knights
  4 salamander mystics (Snake:4)
  A fire crab (shapeshifter) (Vaults:4)
  A storm dragon skeleton (Vaults:2)
  7 skeletal warriors
  3 shadow wraiths
  5 iron trolls
  21 deep trolls
  A large abomination (Swamp:4)
  5 naga ritualists
  4 spriggan druids
  6 wizards
  2 unseen horrors
  2 glowing orange brains
  5 flayed ghosts
  9 swamp dragons
  4 deep elf archers
  5 necromancers
  9 phantasmal warriors
  11 lindwurms
  10 ironbrand convokers
  9 orc knights
  15 deep elf magi
  15 mana vipers
  7 harpies (Vaults:3)
  A sphinx skeleton (Depths:1)
  A stone giant zombie (Vaults:1)
  4 manticores
  A mana viper (shapeshifter) (Depths:3)
  2 orc sorcerers
  9 cyclopes
  67 ugly things
  8 salamanders
  5 wolf spiders
  7 guardian serpents
  23 black mambas
  5 elephants (Lair:6)
  A fire giant skeleton (Depths:1)
  14 vault sentinels
  A frost giant skeleton (Depths:1)
  4 centaur zombies
  2 gargoyles
  22 naga magi
  An orange demon (Swamp:4)
  16 spiny frogs
  3 ice statues
  4 centaur skeletons
  5 spectral swamp worms (Depths:5)
  A yaktaur zombie (Vaults:1)
  2 kobold demonologists
  A yaktaur (shapeshifter) (D:12)
  6 komodo dragons
  12 freezing wraiths
  29 yaktaurs
  10 ice devils (IceCv)
  3 guardian mummies (Crypt:3)
  A tengu conjurer (Depths:3)
  2 polar bears
  A meliai (shapeshifter) (Vaults:3)
  7 trolls
  21 blink frogs
  19 hornets
  10 tyrant leeches
  A hydra skeleton (Crypt:3)
  15 bog bodies
  6 hippogriffs
  A wind drake (Depths:5)
  A sphinx simulacrum (Vaults:2)
  A blink frog (shapeshifter) (Vaults:1)
  A dream sheep (shapeshifter) (Depths:1)
  A frost giant simulacrum (Vaults:1)
  An ettin zombie (Crypt:3)
  53 slime creatures
  15 flying skulls
  A guardian serpent skeleton (Crypt:2)
  A redback (shapeshifter) (Vaults:3)
  8 shadows
  2 ettin skeletons
  An ice dragon skeleton (Crypt:1)
  3 water elementals
  6 wyverns
  A wyvern (shapeshifter) (Depths:4)
  An ushabti (Crypt:3)
  A spriggan (shapeshifter) (Vaults:4)
  A tarantella (shapeshifter) (Vaults:1)
  A vampire (D:13)
  4 basilisks
  10 spriggans
  A fire elemental (D:13)
  2 hogs (shapeshifter)
  19 humans
  7 wraiths
  8 hogs
  24 vampire mosquitoes
  63 yaks
  A golden eye (shapeshifter) (Vaults:2)
  A steam dragon (Lair:4)
  5 wargs
  A steam dragon (shapeshifter) (Depths:3)
  46 nagas
  An acid dragon (Vaults:1)
  14 insubstantial wisps
  A soldier ant (shapeshifter) (Vaults:4)
  16 swamp worms
  A floating eye (Depths:4)
  11 water moccasins
  8 porcupines
  9 swamp drakes
  4 black bears
  40 orc warriors
  A dream sheep zombie (Crypt:2)
  8 ice beasts
  A spiny frog skeleton (Crypt:1)
  A black bear (shapeshifter) (Depths:4)
  An eye of draining (D:13)
  2 sky beasts
  5 necrophages
  21 centaurs
  An ettin simulacrum (Vaults:1)
  4 wolves (Lair:5)
  45 ogres
  20 boggarts
  A blink frog skeleton (Crypt:2)
  11 crocodiles
  Blork the orc (Orc:1)
  5 big kobolds
  A big kobold (shapeshifter) (Depths:2)
  A hippogriff zombie (Crypt:1)
  An octopode zombie (Crypt:2)
  An elf zombie (Crypt:1)
  4 human zombies
  16 bullfrogs
  A human skeleton (Vaults:2)
  A gnoll sergeant (Orc:1)
  A wyvern zombie (D:9)
  An earth elemental (D:13)
  2 elf skeletons (Crypt:1)
  A wyvern skeleton (Crypt:3)
  2 troll zombies (Crypt:1)
  6 scorpions
  A spriggan zombie (Crypt:1)
  An elf simulacrum (Vaults:2)
  14 wights
  A spriggan skeleton (Crypt:2)
  3 howler monkeys
  3 electric eels
  7 crimson imps
  A lava snake (D:9)
  7 bullfrog zombies
  3 draconian simulacra (IceCv)
  12 hounds
  11 jellies
  24 orc priests
  2 bullfrog skeletons
  A basilisk skeleton (Crypt:1)
  24 orc wizards
  2 gnoll shamans
  Ijyb (D:3)
  4 iguanas
  15 worker ants
  2 spriggan simulacra (IceCv)
  A troll simulacrum (IceCv)
  A killer bee zombie (D:8)
  A dwarf zombie (Crypt:2)
  An ogre zombie (Crypt:1)
  4 centaur simulacra
  A felid zombie (Crypt:2)
  13 mummies
  2 worker ant zombies
  10 gnolls
  A howler monkey skeleton (Crypt:2)
  14 adders
  A naga simulacrum (IceCv)
  An ogre simulacrum (IceCv)
  3 shadow imps
  2 oozes (Lair:6)
  An adder zombie (D:8)
  A worm zombie (Crypt:1)
  2 worms
  2 dart slugs
  10 leopard geckos
  116 orcs
  A ball python (D:2)
  A bat zombie (Crypt:2)
  7 giant cockroaches
  8 goblins
  11 hobgoblins
  6 jackals (D:1)
  5 quokkas
  9 bats
  5 frilled lizards
  A jackal zombie (D:7)
  17 kobolds
  A kobold skeleton (Crypt:3)
  9 rats
  2 briar patches (Swamp:3)
  2 plants (Depths:1)
1964 creatures vanquished.

Vanquished Creatures (others)
  An ogre mage (Depths:3)
  2 alligators (Swamp:4)
  2 unseen horrors
  A spriggan druid (Swamp:4)
  A flayed ghost (Crypt:3)
  A lindwurm (Depths:5)
  A water elemental (D:13)
  An ushabti (Crypt:3)
  An air elemental (D:13)
  A naga (Snake:4)
  A water moccasin (Lair:6)
  A swamp drake (Depths:5)
  A phantom (D:4)
  A necrophage (Crypt:2)
  3 ogres
  2 scorpions (D:4)
  A howler monkey (D:4)
  2 orc priests
  A bullfrog skeleton (D:13)
  An iguana (D:6)
  3 orc wizards
  2 worker ants (D:4)
  A hound zombie (D:5)
  A gnoll (D:5)
  2 adders
  4 orcs
  A giant cockroach (D:3)
  A hobgoblin (D:2)
  A bush (Depths:5)
  25 fungi
  9 plants
76 creatures vanquished.

Grand Total: 2040 creatures vanquished

Notes
Turn   | Place    | Note
-------+----------+-------------------------------------------
     0 | D:1      | gruber the Formicid Fighter began the quest for the Orb.
     0 | D:1      | Reached XP level 1. HP: 18/18 MP: 1/1
   241 | D:1      | Reached XP level 2. HP: 23/24 MP: 2/2
   370 | D:1      | Reached XP level 3. HP: 29/29 MP: 3/3
   800 | D:2      | Noticed an ogre
  1024 | D:2      | Reached XP level 4. HP: 34/35 MP: 4/4
  1194 | D:2      | Killed an ogre
  1194 | D:2      | Reached XP level 5. HP: 41/41 MP: 5/5
  1339 | D:2      | Noticed an ogre
  1349 | D:2      | Killed an ogre
  1349 | D:2      | Reached skill level 5 in Axes
  1349 | D:2      | Reached XP level 6. HP: 45/47 MP: 6/6
  1656 | D:3      | Noticed Ijyb
  1665 | D:3      | Killed Ijyb
  1833 | D:3      | Reached skill level 5 in Shields
  2140 | D:3      | Reached XP level 7. HP: 52/52 MP: 7/7
  2687 | D:4      | Found Duommeu Joodgh's Food Shoppe.
  2907 | D:4      | Reached XP level 8. HP: 29/58 MP: 8/8
  3440 | D:4      | Found a shimmering blue altar of Sif Muna.
  3529 | D:4      | Got a twisted whip
  3544 | D:4      | Identified the +8 whip of Yzoutovo {vamp, rC+} (You found
                  | it on level 4 of the Dungeon)
  3633 | D:4      | Found a roughly hewn altar of Beogh.
  3643 | D:4      | Reached skill level 1 in Maces & Flails
  3904 | D:5      | Entered Level 5 of the Dungeon
  4076 | D:5      | Found a sacrificial altar of Ru.
  4094 | D:5      | Found a shadowy altar of Dithmenos.
  4110 | D:5      | Found a hide-covered altar of Uskayaw.
  4125 | D:5      | Found a bloodstained altar of Trog.
  4125 | D:5      | Found an opulent altar of Gozag.
  4834 | D:6      | Reached XP level 9. HP: 54/64 MP: 9/9
  4916 | D:6      | Reached skill level 5 in Maces & Flails
  5111 | D:6      | Noticed Dowan
  5111 | D:6      | Noticed Duvessa
  5119 | D:6      | Banished Dowan
  5121 | D:6      | Banished Duvessa
  6055 | D:7      | Found a staircase to the Ecumenical Temple.
  6079 | Temple   | Entered the Ecumenical Temple
  6122 | Temple   | Became a worshipper of Warmaster Okawaru
  6293 | D:7      | Reached XP level 10. HP: 61/70 MP: 10/10
  6479 | D:7      | Found Yppe's Assorted Antiques.
  6592 | D:7      | Found Fackis's Gadget Shop.
  6654 | D:7      | Reached * piety under Okawaru
  6654 | D:7      | Reached skill level 10 in Maces & Flails
  6697 | D:7      | Reached skill level 1 in Evocations
  6871 | D:8      | Noticed a two-headed ogre
  6885 | D:8      | Killed a two-headed ogre
  6885 | D:8      | Reached skill level 5 in Evocations
  6889 | D:8      | Reached ** piety under Okawaru
  6936 | D:8      | Noticed a two-headed ogre
  6956 | D:8      | Killed a two-headed ogre
  6966 | D:8      | Noticed Gastronok
  6997 | D:8      | Killed Gastronok
  6997 | D:8      | Reached *** piety under Okawaru
  6997 | D:8      | Reached **** piety under Okawaru
  6997 | D:8      | Reached skill level 10 in Evocations
  6997 | D:8      | Reached XP level 11. HP: 75/75 MP: 15/18
  7001 | D:8      | Reached skill level 1 in Invocations
  7322 | D:8      | Found a radiant altar of Vehumet.
  7331 | D:8      | Found a sparkling altar of Nemelex Xobeh.
  7519 | D:9      | Found Sigho's Weapon Shoppe.
  7593 | D:9      | Reached skill level 5 in Invocations
  8203 | D:10     | Entered Level 10 of the Dungeon
  8425 | D:10     | Reached ***** piety under Okawaru
  8469 | D:10     | Found a radiant altar of Vehumet.
  8651 | D:10     | Found a staircase to the Lair.
  8946 | D:10     | Reached skill level 4 in Fighting
  9379 | D:11     | Reached XP level 12. HP: 85/85 MP: 19/19
  9412 | D:11     | Reached skill level 5 in Fighting
  9673 | D:11     | Received a gift from Okawaru
  9700 | D:11     | Found a shadowy altar of Dithmenos.
  9780 | D:11     | Reached skill level 6 in Fighting
  9928 | D:11     | Reached skill level 7 in Fighting
  9964 | D:11     | Found a frozen archway.
  9973 | IceCv    | Entered an ice cave
 10020 | IceCv    | HP: 4/91 [ice devil (9)]
 10032 | IceCv    | Received a gift from Okawaru
 10392 | IceCv    | Reached skill level 8 in Fighting
 10651 | IceCv    | Reached skill level 9 in Fighting
 10672 | IceCv    | Reached skill level 1 in Throwing
 11031 | IceCv    | Got a pair of bloodstained gloves
 11032 | IceCv    | Identified the +2 pair of gloves of Ohuben {Str+4} (You
                  | found it in an ice cave)
 11317 | D:11     | Reached skill level 5 in Throwing
 11402 | D:11     | Reached skill level 5 in Armour
 11409 | D:11     | Noticed a centaur warrior
 11422 | D:11     | Killed a centaur warrior
 11471 | D:11     | Noticed a two-headed ogre
 11485 | D:11     | Killed a two-headed ogre
 11485 | D:11     | Reached XP level 13. HP: 91/101 MP: 20/20
 11755 | D:12     | Found a staircase to the Orcish Mines.
 12135 | D:12     | Received a gift from Okawaru
 12635 | D:12     | Reached skill level 10 in Armour
 13123 | D:13     | Received a gift from Okawaru
 13132 | D:13     | Got a pair of jewelled boots {god gift}
 13133 | D:13     | Identified the +0 pair of boots of Wrong Decisions {+Inv
                  | rN+ MR+ Dex+3} (Okawaru gifted it to you on level 13 of the
                  | Dungeon)
 13525 | D:13     | Noticed a centaur warrior
 13540 | D:13     | Killed a centaur warrior
 13700 | D:13     | Reached ****** piety under Okawaru
 13809 | D:13     | Found a large runed translucent door.
 13809 | D:13     | Found a large runed translucent door.
 14084 | D:13     | Noticed a four-headed hydra
 14130 | D:13     | Killed a four-headed hydra
 14283 | D:14     | Reached XP level 14. HP: 108/108 MP: 21/21
 14399 | D:14     | Reached skill level 10 in Shields
 14474 | D:14     | Received a gift from Okawaru
 14572 | D:14     | Received a gift from Okawaru
 14622 | D:14     | Found a gate to the Vaults.
 14622 | D:14     | Noticed Urug
 14645 | D:14     | Killed Urug
 14976 | D:14     | Reached skill level 1 in Dodging
 15380 | D:15     | Entered Level 15 of the Dungeon
 15502 | D:15     | Received a gift from Okawaru
 15505 | D:15     | Got a translucent longbow {god gift}
 15506 | D:15     | Identified the +5 longbow of Guilt {venom, *Corrode Int+7}
                  | (Okawaru gifted it to you on level 15 of the Dungeon)
 15901 | D:15     | Found a staircase to the Depths.
 15901 | D:15     | Noticed a fire giant
 15931 | D:15     | Killed a fire giant
 16000 | D:15     | Reached skill level 5 in Dodging
 16178 | D:15     | Received a gift from Okawaru
 16459 | D:15     | Found a runed translucent door.
 16461 | D:15     | Noticed TrebMcFLY's ghost (journeyman OpFi)
 16462 | D:15     | Identified the +9 trident "Pixesh" {distort, +Inv Str+2
                  | Dex+5}
 16561 | D:15     | Received a gift from Okawaru
 16877 | Lair:1   | Entered Level 1 of the Lair of Beasts
 17168 | Lair:1   | Received a gift from Okawaru
 17444 | Lair:1   | Reached XP level 15. HP: 113/113 MP: 22/22
 17672 | Lair:2   | Noticed Nergalle
 17693 | Lair:2   | Killed Nergalle
 18321 | Lair:2   | Found a staircase to the Snake Pit.
 19105 | Lair:3   | Received a gift from Okawaru
 19434 | Lair:3   | Found a sparkling altar of Nemelex Xobeh.
 20204 | Lair:4   | Found a staircase to the Swamp.
 20477 | Lair:4   | Received a gift from Okawaru
 20480 | Lair:4   | Got a jewelled plate armour {god gift}
 20481 | Lair:4   | Identified the +10 plate armour of the Bagpipe {rElec rN+
                  | Stlth+} (Okawaru gifted it to you on level 4 of the Lair of
                  | Beasts)
 21427 | Lair:5   | Found a runed translucent gate.
 21427 | Lair:5   | Found a runed translucent gate.
 21427 | Lair:5   | Found a runed translucent gate.
 21429 | Lair:5   | Noticed Bodu's ghost (journeyman NaFi)
 21435 | Lair:5   | Found a viscous altar of Jiyva.
 21583 | Lair:6   | Entered Level 6 of the Lair of Beasts
 21727 | Lair:6   | Found a staircase to the Slime Pits.
 21754 | Lair:6   | Reached skill level 15 in Shields
 22208 | Lair:6   | Received a gift from Okawaru
 22208 | Lair:6   | Reached XP level 16. HP: 120/120 MP: 23/23
 22384 | Lair:6   | Received a gift from Okawaru
 22769 | Lair:6   | Received a gift from Okawaru
 22829 | Lair:6   | Got a jewelled plate armour {god gift}
 23224 | Snake:1  | Entered Level 1 of the Snake Pit
 23834 | Snake:1  | Found an opulent altar of Gozag.
 24112 | Snake:1  | Identified the +10 plate armour of Least Resistance {+Blink
                  | rPois rN+ Str-4} (Okawaru gifted it to you on level 6 of
                  | the Lair of Beasts)
 24301 | Snake:1  | Reached skill level 15 in Armour
 24885 | Snake:2  | Received a gift from Okawaru
 25030 | Snake:2  | Got a pair of polished boots {god gift}
 25031 | Snake:2  | Identified the +1 pair of boots of Okawaru's Inspiration
                  | {rC+ Dex+4} (Okawaru gifted it to you on level 2 of the
                  | Snake Pit)
 26097 | Snake:3  | Reached XP level 17. HP: 99/125 MP: 24/24
 26168 | Snake:3  | Noticed Nikola
 26248 | Snake:3  | Got a wavering marble ring
 26249 | Snake:3  | Identified the ring of Gotue {rElec MP+9 Str+3 Stlth-} (You
                  | found it on level 3 of the Snake Pit)
 26255 | Snake:3  | Noticed Aizul
 26317 | Snake:3  | Killed Aizul
 26619 | Snake:3  | Killed Nikola
 26619 | Snake:3  | Received a gift from Okawaru
 26622 | Snake:3  | Got a pair of dazzling gloves {god gift}
 26634 | Snake:3  | Identified the -5 pair of gloves of Boiling Hail {rC+ rN+
                  | Int+4 Dex-3} (Okawaru gifted it to you on level 3 of the
                  | Snake Pit)
 26940 | Snake:4  | Entered Level 4 of the Snake Pit
 27873 | Snake:4  | Received a gift from Okawaru
 28662 | Snake:4  | Reached XP level 18. HP: 120/132 MP: 25/25
 28846 | Snake:4  | Received a gift from Okawaru
 29710 | Snake:4  | Got a serpentine rune of Zot
 30266 | Orc:1    | Entered Level 1 of the Orcish Mines
 30266 | Orc:1    | Noticed Blork the orc
 30273 | Orc:1    | Killed Blork the orc
 31005 | Orc:2    | Entered Level 2 of the Orcish Mines
 31035 | Orc:2    | Received a gift from Okawaru
 31122 | Orc:2    | Found a staircase to the Elven Halls.
 31173 | Orc:2    | Identified a scroll of acquirement
 31173 | Orc:2    | Identified the ring "Gohuoh" {rN+ Dex+3} (You acquired it
                  | on level 2 of the Orcish Mines)
 31273 | Orc:2    | Found a roughly hewn altar of Beogh.
 31287 | Orc:2    | Found Izelesu's Armour Shoppe.
 31372 | Orc:2    | Found a roughly hewn altar of Beogh.
 31431 | Orc:2    | Found a dark tunnel.
 31445 | Volcano  | Entered a volcano
 31550 | Volcano  | Received a gift from Okawaru
 31823 | Orc:2    | Received a gift from Okawaru
 32195 | Orc:2    | Found a roughly hewn altar of Beogh.
 32195 | Orc:2    | Found Kaata's Distillery.
 32558 | Orc:2    | Found Plog's Antique Armour Shop.
 32559 | Orc:2    | Found a roughly hewn altar of Beogh.
 32560 | Orc:2    | Found Qocueg's Antique Weapon Boutique.
 32567 | Orc:2    | Bought a runed tower shield for 232 gold pieces
 32848 | Swamp:1  | Entered Level 1 of the Swamp
 33523 | Swamp:1  | Received a gift from Okawaru
 33572 | Swamp:1  | You fall into a shaft and drop 1 floor!
 34266 | Swamp:2  | Reached XP level 19. HP: 138/138 MP: 26/26
 34379 | Snake:2  | Got a twisted plate armour
 34487 | Swamp:2  | Identified Roxanne's Grimoire of the Mountains
 34487 | Swamp:2  | Noticed Roxanne
 34502 | Swamp:2  | Received a gift from Okawaru
 34639 | Swamp:2  | Reached skill level 15 in Maces & Flails
 35092 | Swamp:2  | Killed Roxanne
 35735 | Swamp:3  | Identified the +2 plate armour of the Heavens {*Corrode rC+
                  | rN++ Int+4} (You found it on level 2 of the Snake Pit)
 35854 | Swamp:3  | Received a gift from Okawaru
 36267 | Swamp:4  | Entered Level 4 of the Swamp
 36510 | Swamp:4  | Received a gift from Okawaru
 37423 | Swamp:4  | Got a decaying rune of Zot
 37615 | Swamp:4  | Received a gift from Okawaru
 37930 | Swamp:4  | Reached XP level 20. HP: 147/147 MP: 27/27
 37956 | Swamp:4  | Reached skill level 10 in Fighting
 37957 | Swamp:4  | Noticed Kirke
 37991 | Swamp:4  | Killed Kirke
 38494 | Vaults:1 | Entered Level 1 of the Vaults
 38572 | Vaults:1 | Received a gift from Okawaru
 38611 | Vaults:1 | Reached skill level 11 in Fighting
 39367 | Vaults:1 | Reached skill level 12 in Fighting
 39592 | Vaults:1 | Received a gift from Okawaru
 39828 | Vaults:1 | Reached skill level 13 in Fighting
 40361 | Vaults:1 | Received a gift from Okawaru
 40485 | Vaults:1 | Reached skill level 14 in Fighting
 40840 | Vaults:1 | Found Azix's Assorted Antiques.
 40843 | Vaults:1 | Identified the Compendium of Heat and Darkness
 40993 | Vaults:1 | Learned a level 4 spell: Animate Dead
 41025 | Vaults:1 | Learned a level 5 spell: Borgnjor's Vile Clutch
 41290 | Vaults:2 | Found a large runed translucent door.
 41290 | Vaults:2 | Found a large runed translucent door.
 41291 | Vaults:2 | Noticed Juteq's ghost (adept GnGl)
 41372 | Vaults:2 | Reached skill level 15 in Fighting
 41391 | Vaults:2 | Reached XP level 21. HP: 168/168 MP: 28/28
 41416 | Vaults:2 | Found a gateway to a bazaar.
 41450 | Bazaar   | Entered a bazaar
 41450 | Bazaar   | Found Fodiot's Distillery.
 41450 | Bazaar   | Found Nigg's Antique Weapon Shop.
 41513 | Bazaar   | Bought a potion of heal wounds for 40 gold pieces
 41513 | Bazaar   | Bought a potion of heal wounds for 40 gold pieces
 41518 | Bazaar   | Found Yckufr Junn's Antique Armour Shop.
 41938 | Vaults:2 | Received a gift from Okawaru
 42044 | Vaults:2 | Reached skill level 16 in Fighting
 43144 | Vaults:2 | Killed Juteq's ghost
 43488 | Vaults:3 | Reached skill level 17 in Fighting
 43885 | Vaults:3 | Received a gift from Okawaru
 44240 | Vaults:3 | Reached skill level 18 in Fighting
 44553 | Vaults:3 | Got a pair of jewelled gloves
 44554 | Vaults:3 | Identified the +0 pair of gloves of Zin's Condemnation
                  | {Int+3} (You found it on level 3 of the Vaults)
 44673 | Vaults:3 | Found a staircase to the Crypt.
 44998 | Vaults:3 | Received a gift from Okawaru
 44999 | Vaults:3 | Reached XP level 22. HP: 186/186 MP: 29/29
 45186 | Vaults:3 | Reached skill level 19 in Fighting
 46094 | Vaults:3 | Reached skill level 20 in Fighting
 46201 | Vaults:3 | Received a gift from Okawaru
 46455 | Vaults:4 | Noticed Xtahua
 46479 | Vaults:4 | Killed Xtahua
 46534 | Vaults:4 | Found Panle's Jewellery Boutique.
 46728 | Vaults:4 | Found a radiant altar of Vehumet.
 47286 | Vaults:4 | Reached skill level 21 in Fighting
 47986 | Depths:1 | Entered Level 1 of the Depths
 48026 | Depths:1 | Received a gift from Okawaru
 48041 | Depths:1 | Reached XP level 23. HP: 193/201 MP: 30/30
 48117 | Depths:1 | Found Fuidairph's Magic Scroll Shop.
 48117 | Depths:1 | Found Hutoh's Jewellery Boutique.
 48195 | Depths:1 | You fall into a shaft and drop 1 floor!
 48874 | Depths:2 | Found a one-way gate leading to the halls of Pandemonium.
 48942 | Depths:2 | You fall into a shaft and drop 1 floor!
 48973 | Depths:3 | Noticed a caustic shrike
 48974 | Depths:3 | Noticed a caustic shrike
 48974 | Depths:3 | Noticed a caustic shrike
 48975 | Depths:3 | Noticed a caustic shrike
 48979 | Depths:3 | Noticed a caustic shrike
 48984 | Depths:3 | You fall into a shaft and drop 2 floors!
 48984 | Depths:5 | Entered Level 5 of the Depths
 49134 | Depths:5 | Reached skill level 22 in Fighting
 49245 | Depths:5 | Received a gift from Okawaru
 49365 | Depths:5 | Got a slimy quarterstaff {god gift}
 49367 | Depths:5 | Found Kaet's Distillery.
 49375 | Depths:5 | Found Ohe Liosilef's Gadget Shop.
 49425 | Depths:5 | Reached skill level 1 in Earth Magic
 49444 | Depths:5 | Reached skill level 1 in Necromancy
 49672 | Depths:5 | Found a gateway to a ziggurat.
 49684 | Depths:5 | Found a gateway to Hell.
 49725 | Depths:5 | Received a gift from Okawaru
 49753 | Depths:5 | Got a scorched tower shield {god gift}
 49754 | Depths:5 | Identified the +3 tower shield of Okawaru's Whim {Dex+4}
                  | (Okawaru gifted it to you on level 5 of the Depths)
 49890 | Depths:5 | Noticed a golden dragon
 50295 | Depths:4 | Reached skill level 5 in Earth Magic
 50474 | Depths:4 | Reached skill level 5 in Necromancy
 50848 | Depths:4 | Found a flickering gateway to a bazaar.
 50881 | Bazaar   | Entered a bazaar
 50881 | Bazaar   | Found Tain's Antique Weapon Shop.
 50881 | Bazaar   | Found Geihe's Antique Weapon Boutique.
 50881 | Bazaar   | Found Qyethe's Book Boutique.
 50881 | Bazaar   | Found Tazontab's Jewellery Boutique.
 50881 | Bazaar   | Found Deimusu's Distillery.
 50896 | Bazaar   | Bought a cursed ring of attention for 63 gold pieces
 50903 | Bazaar   | Bought a potion of curing for 51 gold pieces
 50903 | Bazaar   | Bought a potion of curing for 51 gold pieces
 50903 | Bazaar   | Bought 2 potions of curing for 102 gold pieces
 50903 | Bazaar   | Bought 2 potions of mutation for 272 gold pieces
 50903 | Bazaar   | Bought a potion of mutation for 136 gold pieces
 50909 | Bazaar   | Bought the amulet "Ucaloy" {Spirit +Fly Str+4 Stlth-} for
                  | 645 gold pieces
 51403 | Depths:4 | Noticed a golden dragon
 51428 | Depths:4 | Killed a golden dragon
 51428 | Depths:4 | Reached XP level 24. HP: 210/212 MP: 24/30
 51908 | Depths:4 | Found a one-way gate to the infinite horrors of the Abyss.
 52290 | Depths:3 | Received a gift from Okawaru
 52460 | Depths:4 | Killed a caustic shrike
 52515 | Depths:3 | Killed a caustic shrike
 52515 | Depths:3 | Reached skill level 10 in Earth Magic
 52529 | Depths:3 | Killed a caustic shrike
 52529 | Depths:3 | Received a gift from Okawaru
 52545 | Depths:3 | Killed a caustic shrike
 52619 | Depths:3 | Killed a caustic shrike
 52619 | Depths:3 | Received a gift from Okawaru
 53119 | Depths:3 | Found a transporter.
 53132 | Depths:3 | Noticed Sojobo
 53310 | Depths:2 | Reached skill level 1 in Spellcasting
 53376 | Depths:3 | Found a transporter.
 53457 | Depths:3 | Identified the +8 hand axe of the Dove {freeze, rPois rC-
                  | Str+3 Int+2}
 53503 | Depths:3 | Received a gift from Okawaru
 53599 | Depths:3 | Noticed a juggernaut
 53648 | Depths:3 | Killed a juggernaut
 54001 | Depths:2 | Noticed Bai Suzhen
 54071 | Depths:2 | Killed Bai Suzhen
 54071 | Depths:2 | Reached skill level 5 in Spellcasting
 54288 | Depths:2 | Identified the Volume of Helpful Evil Magic
 54302 | Depths:2 | Got a crude bone ring
 54303 | Depths:2 | Identified the ring "Buhy" {rC- MR+ Int+4 Dex+5} (You found
                  | it on level 2 of the Depths)
 54591 | Depths:2 | Received a gift from Okawaru
 55079 | Depths:2 | Noticed a juggernaut
 55119 | Depths:2 | Killed a juggernaut
 55291 | Depths:1 | Reached XP level 25. HP: 218/218 MP: 28/35
 56072 | Depths:1 | Found Wagof's Antique Weapon Emporium.
 56244 | Depths:1 | Reached skill level 10 in Spellcasting
 56928 | Lair:5   | Killed Bodu's ghost
 56971 | Lair:5   | Identified the Almanac of Moulding
 56979 | Lair:5   | Learned a level 5 spell: Silence
 57387 | Depths:5 | Reached skill level 1 in Hexes
 57568 | Depths:5 | Reached skill level 5 in Hexes
 58217 | Depths:5 | Found a gate to the Realm of Zot.
 59108 | Crypt:1  | Entered Level 1 of the Crypt
 59576 | Crypt:1  | Found a basalt altar of Yredelemnul.
 59691 | Crypt:1  | Noticed Frederick
 59728 | Crypt:1  | Killed Frederick
 59728 | Crypt:1  | Reached skill level 10 in Hexes
 60858 | Crypt:2  | Identified the +8 battleaxe "Grim Tooth" {vamp, rF+ Int+4}
                  | (You acquired it on level 2 of the Crypt)
 60990 | Crypt:2  | Received a gift from Okawaru
 61302 | Crypt:2  | Received a gift from Okawaru
 61560 | Crypt:2  | Reached XP level 26. HP: 226/226 MP: 38/38
 61715 | Crypt:3  | Entered Level 3 of the Crypt
 62198 | Crypt:3  | Reached skill level 10 in Axes
 62248 | Crypt:3  | Found a staircase to the Tomb.
 62439 | Crypt:3  | HP: 10/225 [jiangshi (12)]
 62446 | Crypt:3  | Killed from afar by an ancient champion

Levels and vault maps discovered:
D:1:      elethiomel_arrival_quiet, layout_rooms
D:2:      layout_basic
D:3:      layout_rooms, uniq_ijyb
D:4:      minmay_opposing_rooms, layout_loops_corners, lemuel_blue_sif_altar,
          serial_shops, kennysheep_little_box, kennysheep_orc_chapel
D:5:      layout_loops_cross, nicolae_ru_awakened_eye,
          nicolae_overflow_quartered_altars, first_ration
D:6:      layout_loops_corners, uniq_duvessa
D:7:      layout_rooms, minmay_temple_entry_slanted, serial_shops, shop,
          nicolae_shop_temple_entry_statues_fountains
D:8:      layout_cave_pools, amethyst_overflow_temple_binary, uniq_gastronok
D:9:      layout_basic, serial_shops, shop, grunt_livestock,
          serial_bayou_pond_a, kennysheep_cluttered_room
D:10:     layout_basic, due_lair_maze_entry_diamond, basic_altar
D:11:     layout_grid_maze, portal_ice_cave_entry_pillars_1, basic_altar
D:12:     layout_roguey, orc_0_dummy, serial_rivers,
          chequers_serial_rivers_micro_e, chequers_serial_rivers_micro_b,
          chequers_serial_rivers_micro_e, chequers_serial_rivers_micro_a,
          chequers_serial_rivers_small_3, chequers_serial_rivers_micro_d
D:13:     layout_gridville, lightli_elemental_guards
D:14:     layout_basic, david_vaults_3, hangedman_abyss_or_decor_passed,
          nrook_loot_triangle
D:15:     grunt_enter_depths_giant_problem, layout_irregular_city,
          ebering_ghost_funeral_grove
Temple:   eino_temple_lava
Lair:1:   layout_regular_city, grunt_megastairs_2
Lair:2:   layout_chaotic_city, minmay_snake_entry_guardpost_medium,
          serial_bayou_shore_a, grunt_megastairs_4, infiniplex_staircase_pool,
          uniq_nergalle
Lair:3:   layout_loops_ring, st_stairs_6, chequers_serial_rivers_micro_a,
          lemuel_centaur_altar, grunt_megastairs_3
Lair:4:   layout_roguey, minmay_swamp_entry_wisps, grunt_megastairs_1
Lair:5:   layout_small_grid, gammafunk_ghost_ooze
Lair:6:   evilmike_catoblepas_cave, layout_loops_ring,
          nicolae_slime_entry_slimehenge, grunt_forest_small_clearing_treed
Swamp:1:  layout_falls_marsh, nicolae_swamp_very_dense_foliage
Swamp:2:  layout_basic_swamp, evilmike_swamp_ruin_house_1, swamp_pool3,
          uniq_roxanne
Swamp:3:  layout_falls_marsh, evilmike_swamp_ruin_house_5
Swamp:4:  swamp_vile, layout_basic_swamp, uniq_kirke
Snake:1:  layout_gridlike, drop_trap, lemuel_oklob_altar
Snake:2:  layout_chambers
Snake:3:  layout_honeycomb, uniq_aizul, uniq_nikola
Snake:4:  snake_pit_salamanders_mu, layout_basic
Orc:1:    layout_caves, sword_in_stone
Orc:2:    grunt_orc_community_town_hall, layout_diamond_mine,
          grunt_orc_community_big_house_2, grunt_orc_community_big_house_1,
          grunt_orc_community_house_3, grunt_orc_community_house_2,
          grunt_orc_community_house_3, grunt_orc_community_house_2,
          enter_volcano_4
Vaults:1: hangedman_vaults_pinch, dpeg_vaults_monster_row, v_misc_3, v_misc_13,
          vaults_room_corners, vaults_mumra_minichess, vaults_room_door_ring,
          v_rooms_5, vaults_room_large_hall, vaults_room_pools,
          vaults_room_fancy_cross, layout_vaults_ring, serial_shops, shop
Vaults:2: ebering_vaults_ghost_disaster_area, ontoclasm_vaults_ligature,
          nicolae_vaults_big_angled_halls, vaults_room_semicircle,
          hangedman_vaults_cutoff, vaults_dpeg_cross, hangedman_vaults_impose,
          grunt_vaults_hallway_short, hangedman_vaults_unwind, v_misc_12,
          ontoclasm_vaults_ring_small, vaults_dpeg_encased_lava,
          vaults_room_corners, grunt_vaults_hallway_short,
          nicolae_vaults_yaktaur_gun_rack, layout_vaults_omnicross,
          serial_shops, statue_bzr
Vaults:3: v_misc_3, minmay_crypt_entry_simple_round,
          ontoclasm_vaults_claustrophobia, nicolae_vaults_arrows, v_misc_4,
          hangedman_vaults_stagger, nicolae_vaults_theta,
          ontoclasm_vaults_idyll, ontoclasm_vaults_decontamination,
          nicolae_vaults_little_squares_5, v_rooms_5, vaults_room_hallway,
          ontoclasm_vaults_tryst, v_misc_23, grunt_vaults_hallway_long,
          dpeg_vaults_pockets_of_resistance, ontoclasm_vaults_chip,
          vaults_dpeg_hooks, layout_vaults_maze_bifur
Vaults:4: hangedman_vaults_trim, nicolae_vaults_border_crossing,
          hangedman_vaults_corner_blocks, nicolae_vaults_little_squares_3,
          v_misc_14, nicolae_vaults_little_squares_2, vaults_room_semicircle,
          grunt_vaults_twisty, vaults_room_door_hall, v_misc_22,
          ontoclasm_vaults_ring_small, nicolae_vaults_little_squares_2,
          nicolae_vaults_three_branches, layout_vaults_big_room, serial_shops,
          shop_statue, basic_altar, uniq_xtahua
Crypt:1:  layout_basic, lemuel_mausoleum_altar_yredelemnul,
          grunt_crypt_arrival_split, uniq_frederick
Crypt:2:  layout_chaotic_city
Crypt:3:  lightli_unholy_cathedral, layout_chaotic_city,
          nicolae_tomb_entry_unfolded_pyramid_orthogonal
Depths:1: layout_roguey, abyss_entry, serial_shops, shop_fountains, hell_entry,
          serial_bayou_pond_d, drop_trap, hangedman_decor_opposing,
          serial_bayou_lagoon_a, bh_walls_and_bars, minmay_shoptagon
Depths:2: minmay_the_grid_triangle_9x9_recursive_2
          [minmay_the_grid_triangle_9x9_prize_insulated,
          minmay_the_grid_triangle_9x9_zippers_vertical,
          minmay_the_grid_triangle_9x9_empty,
          minmay_the_grid_triangle_9x9_windchime], layout_gridlike,
          abyss_entry_glasseish, grunt_hell_entry_dis_mu, pan_entry,
          minmay_misc_feat_x, infiniplex_staircase_river, serial_bayou_shore_b,
          uniq_bai_suzhen
Depths:3: gammafunk_jiyva_shrine, layout_gridville, abyss_entry_crystal,
          pan_entry, hell_entry, hangedman_abyss_or_decor_lesser_grid,
          abandoned_shop, infiniplex_staircase_star, uniq_sojobo
Depths:4: evilmike_cross, layout_basic, serial_curves, eino_curves_03,
          eino_curves_01, serial_shops, bzr_entry_customers,
          marbit_kobold_abyss_entry, lightli_too_deep
Depths:5: lemuel_castle_with_subvaults [lemuel_castle_interior_carwin_3],
          layout_cave_shapes, enter_ziggurat_f, pf_hell_entry_tar_river,
          lemuel_statue_altar, minmay_shop_star

Skill      XL: |  1  2  3  4  5  6  7  8  9 10 11 12 13 14 15 16 17 18 19 20 21 22 23 24 25 26 |
---------------+-------------------------------------------------------------------------------+-----
Axes           | 3 4 5 6 7 9 11 | 11.2
Shields        | 4 5 7 9 12 15 16 | 16.4
Armour         | 4 6 12 16 19 20 | 20.0
Maces & Flails | 4 9 10 14 17 | 17.6
Evocations     | 10 | 10.2
Invocations    | 8 |  8.0
Fighting       | 4 9 15 18 21 22 | 22.3
Throwing       | 5 |  5.1
Dodging        | 7 9 |  9.0
Earth Magic    | 8 11 | 11.5
Necromancy     | 6 9 |  9.1
Spellcasting   | 8 11 | 11.2
Hexes          | 10 | 10.2

Action                   |  1- 3 |  4- 6 |  7- 9 | 10-12 | 13-15 | 16-18 | 19-21 | 22-24 | 25-27 || total
-------------------------+-------+-------+-------+-------+-------+-------+-------+-------+-------++-------
Melee: War axe           |    94 |    34 |       |       |       |       |       |       |       ||   128
       Whip              |       |    89 |   442 |   990 |  2100 |  3333 |  3746 |  3558 |  1330 || 15588
       Great mace        |       |       |       |       |       |    20 |    16 |       |    28 ||    64
       Battleaxe         |       |       |       |       |       |       |       |       |   262 ||   262
Throw: Javelin           |       |       |       |     1 |       |       |       |     3 |     2 ||     6
       Dart              |       |       |       |       |     1 |       |     1 |       |       ||     2
 Cast: Borgnjor's Vile C |       |       |       |       |       |       |       |       |     3 ||     3
Invok: Heroism           |       |       |       |     9 |     9 |    17 |    21 |    13 |     7 ||    76
       Finesse           |       |       |       |     1 |     4 |     8 |    13 |     8 |     1 ||    35
 Abil: Dig               |       |       |     1 |     5 |     4 |     2 |       |    12 |     1 ||    25
       Evoke Invisibilit |       |       |       |       |     1 |       |     1 |       |       ||     2
       Evoke Flight      |       |       |       |       |       |     1 |       |       |       ||     1
       Shaft Self        |       |       |       |       |       |       |       |     2 |       ||     2
Evoke: Wand              |       |       |       |       |       |       |       |     1 |       ||     1
  Use: Scroll            |       |       |     1 |     2 |    19 |    12 |     3 |    11 |     2 ||    50
       Potion            |       |       |       |     1 |       |     1 |     1 |     1 |     2 ||     6
 Stab: Invisible         |       |       |       |       |     3 |       |    32 |       |       ||    35
       Distracted        |       |       |       |       |       |     1 |       |     1 |       ||     2
       Petrified         |       |       |       |       |       |     1 |       |       |       ||     1
       Confused          |       |       |       |       |       |     1 |     2 |     1 |       ||     4
  Eat: Chunk             |       |     4 |    10 |    12 |    33 |    24 |    31 |    33 |     7 ||   154
       Ration            |       |       |     2 |     1 |     1 |     5 |     2 |     2 |     5 ||    18
Armor: Scale mail        |    54 |    68 |     7 |    12 |   330 |       |       |       |       ||   471
       Ring mail         |       |       |   100 |   172 |       |       |       |       |       ||   272
       Plate armour      |       |       |       |       |   148 |   676 |   624 |   546 |   231 ||  2225
Dodge: Dodged            |    34 |    52 |   123 |   176 |   535 |   641 |   646 |   515 |   242 ||  2964
Block: Kite shield       |    46 |    91 |   170 |   315 |   965 |  1072 |       |       |       ||  2659
       Tower shield      |       |       |       |       |       |  1032 |  2714 |  2155 |  1209 ||  7110

Table legend:
 A = Non-vault XP
 B = Vault XP
 C = Vault XP percentage of total XP
 D = Non-vault monster count
 E = Vault monster count
 F = Vault count percentage of total count
                 A         B        C        D         E       F
            +---------+---------+-------+---------+---------+-------
      Total |  597792 |  366301 |  38.0 |    1399 |     592 |  29.7
            +---------+---------+-------+---------+---------+-------
        D:1 |      58 |       0 |   0.0 |      28 |       0 |   0.0
        D:2 |     334 |       0 |   0.0 |      21 |       0 |   0.0
        D:3 |      94 |      36 |  27.7 |      21 |       1 |   4.5
        D:4 |     674 |     335 |  33.2 |      20 |      11 |  35.5
        D:5 |     384 |       0 |   0.0 |      16 |       0 |   0.0
        D:6 |    1077 |     114 |   9.6 |      41 |       2 |   4.7
        D:7 |    1584 |       0 |   0.0 |      36 |       0 |   0.0
        D:8 |    3279 |    2338 |  41.6 |      24 |       1 |   4.0
        D:9 |     742 |     963 |  56.5 |       9 |       5 |  35.7
       D:10 |    1997 |    1338 |  40.1 |      34 |      11 |  24.4
       D:11 |    6491 |       0 |   0.0 |      44 |       0 |   0.0
       D:12 |    7642 |       0 |   0.0 |      32 |       0 |   0.0
       D:13 |    9792 |     280 |   2.8 |      37 |       2 |   5.1
       D:14 |    7765 |    6009 |  43.6 |      29 |      20 |  40.8
       D:15 |   10098 |    1698 |  14.4 |      31 |       1 |   3.1
     Lair:1 |    1993 |     449 |  18.4 |       7 |       2 |  22.2
     Lair:2 |    3221 |    3222 |  50.0 |      13 |      11 |  45.8
     Lair:3 |    2095 |    1851 |  46.9 |      12 |      10 |  45.5
     Lair:4 |    5576 |    1912 |  25.5 |      11 |       7 |  38.9
     Lair:5 |    8370 |    2828 |  25.3 |      36 |       5 |  12.2
     Lair:6 |   10199 |   11526 |  53.1 |      34 |      27 |  44.3
    Swamp:1 |   11401 |       0 |   0.0 |      29 |       0 |   0.0
    Swamp:2 |   11945 |    1919 |  13.8 |      32 |       1 |   3.0
    Swamp:3 |   19650 |       0 |   0.0 |      48 |       0 |   0.0
    Swamp:4 |   20144 |   24660 |  55.0 |      52 |      37 |  41.6
    Snake:1 |   15904 |       0 |   0.0 |      29 |       0 |   0.0
    Snake:2 |   16089 |       0 |   0.0 |      29 |       0 |   0.0
    Snake:3 |   13734 |    5554 |  28.8 |      28 |       2 |   6.7
    Snake:4 |   17170 |   45961 |  72.8 |      37 |      62 |  62.6
      Orc:1 |    2239 |     460 |  17.0 |      21 |       4 |  16.0
      Orc:2 |    3975 |    5700 |  58.9 |      44 |      65 |  59.6
   Vaults:1 |   31354 |   30520 |  49.3 |      60 |      43 |  41.7
   Vaults:2 |   27147 |   18076 |  40.0 |      56 |      34 |  37.8
   Vaults:3 |   41071 |   58835 |  58.9 |      75 |      72 |  49.0
   Vaults:4 |   25839 |   14773 |  36.4 |      38 |      12 |  24.0
    Crypt:1 |   17196 |    6480 |  27.4 |      29 |      13 |  31.0
    Crypt:2 |   28856 |       0 |   0.0 |      47 |       0 |   0.0
    Crypt:3 |   13596 |   18773 |  58.0 |      17 |      31 |  64.6
   Depths:1 |   38143 |       0 |   0.0 |      51 |       0 |   0.0
   Depths:2 |   19451 |   24998 |  56.2 |      24 |      10 |  29.4
   Depths:3 |   45678 |       0 |   0.0 |      31 |       0 |   0.0
   Depths:4 |   57525 |   17232 |  23.1 |      50 |      20 |  28.6
   Depths:5 |   36220 |   46864 |  56.4 |      36 |      41 |  53.2
      IceCv |       0 |    5249 | 100.0 |       0 |      23 | 100.0
    Volcano |       0 |    5348 | 100.0 |       0 |       6 | 100.0
            +---------+---------+-------+---------+---------+-------
